 Dungeon Crawl Stone Soup version 0.23-b1-70-gd12f7cf (webtiles) character file.

Game seed: 15180215361777343206

184 poirepourri the Covert (level 5, -8/24 HPs)
             Began as a Spriggan Enchanter on Feb 6, 2019.
             Mangled by Pikel
             ... wielding a +0 whip of electrocution
              (19 damage)
             ... on level 4 of the Dungeon.
             The game lasted 00:04:37 (4143 turns).

poirepourri the Covert (Spriggan Enchanter)         Turns: 4143, Time: 00:04:39

Health: -8/24      AC:  2    Str:  4    XL:     5   Next: 36%
Magic:  4/11       EV: 18    Int: 17    God:
Gold:   86         SH:  0    Dex: 19    Spells: 2/11 levels left

rFire    . . .     SeeInvis +   a - +1 dagger
rCold    . . .     Gourm    .   (shield restricted)
rNeg     . . .     Faith    .   b - +0 robe
rPois    .         Spirit   .   (helmet restricted)
rElec    .         Reflect  .   (no cloak)
rCorr    .         Harm     .   (gloves unavailable)
MR       .....                  (boots unavailable)
Stlth    ++++......             k - amulet of regeneration
HPRegen  0.08/turn              f - +2 ring of dexterity
MPRegen  0.12/turn              (no ring)

@: very quick
A: very small, unfitting armour, see invisible, herbivore, speed 3, slow
metabolism 2
a: no special abilities


You were on level 4 of the Dungeon.
You were not hungry.

You visited 1 branch of the dungeon, and saw 4 of its levels.

You collected 86 gold pieces.

Inventory:

Hand Weapons
 a - a +1 dagger (weapon)
Armour
 b - a +0 robe (worn)
Jewellery
 f - a +2 ring of dexterity (left hand)
 k - an amulet of regeneration (around neck)
Wands
 g - a wand of paralysis (12)
 m - a wand of random effects (17)
Scrolls
 i - a scroll of remove curse
Potions
 c - a potion of agility
 e - 2 potions of curing
 j - a potion of cancellation
Comestibles
 d - 6 rations


   Skills:
 - Level 1.1 Short Blades
 - Level 3.0 Dodging
 - Level 9.0 Stealth
 + Level 3.5 Spellcasting
 - Level 3.6 Hexes


You had 2 spell levels left.
You knew the following spells:

 Your Spells              Type           Power        Failure   Level  Hunger
a - Corona                Hex            ###....      3%          1    None
b - Ensorcelled Hibernat  Hex/Ice        #.....       12%         2    ##.....
c - Confuse               Hex            ###.....     11%         3    ###....
d - Tukima's Dance        Hex            ###.....     11%         3    ###....

Your spell library contained the following spells:

 Spells                   Type           Power        Failure   Level  Hunger
 Dazzling Spray           Conj/Hex       #.....       24%         3    ###....


Dungeon Overview and Level Annotations

Branches:
Dungeon (4/15)
 Temple: D:4-7

Altars:

Annotations:
D:4 Pikel


Innate Abilities, Weirdness & Mutations

You are very small and have problems with some larger weapons.
You are too small for most types of armour.
You have supernaturally acute eyesight. (SInv)
You are a herbivore.
You cover ground extremely quickly.
You need to consume almost no food.


Message History

The slave shouts! x2
Casting: Ensorcelled Hibernation (safe; 12% risk of failure)
Confirm with . or Enter, or press ? or * to list all spells.
Aiming: Ensorcelled Hibernation (safe; 12% risk of failure)
Press: ? - help, Shift-Dir - straight line, f - frilled lizard
Aim: a frilled lizard (chance to defeat MR: 58%)
The frilled lizard looks drowsy...
The helpless frilled lizard fails to defend itself.
You skewer the frilled lizard like a kebab!!!
You kill the frilled lizard!
Casting: Ensorcelled Hibernation (safe; 12% risk of failure)
Confirm with . or Enter, or press ? or * to list all spells.
Aiming: Ensorcelled Hibernation (safe; 12% risk of failure)
Press: ? - help, Shift-Dir - straight line, f - Pikel
Aim: Pikel, wielding a +0 whip of electrocution and wearing a +0 robe (chance to defeat MR: 40%) Pikel resists with some effort.
Pikel hits you with a +0 whip of electrocution!
You are electrocuted!!
Ouch! That really hurt!
You die...

...#.......# ≈≈P ≈≈♣
####.......######≈♣ ♣♣ ♣♣≈♣ #
#.............# ≈♣♣≈P≈# #
#.............# #.#.#...#
########.....p...######.#†...#
..# #.............##.#...#
p.###############....##.#.<.#
K...p..........K.....##.#...#####
..#.K...........@................
..#.......p........#..#.#...#####
..#................#.....###.....
..#........#########(.#..# .####
..#........'.........##..# .#
###........##########.#..#
########## >#... .#.### .#..


You could see Pikel and a slave.

Vanquished Creatures
  Natasha (thrice) (D:2)
  Ijyb (D:3)
  An adder (D:3)
  3 worms
  A leopard gecko (D:3)
  13 orcs
  9 bats
  2 giant cockroaches
  4 goblins
  7 hobgoblins
  2 kobolds
  5 frilled lizards
  7 rats
58 creatures vanquished.

Notes
Turn   | Place    | Note
-------+----------+-------------------------------------------
     0 | D:1      | poirepourri the Spriggan Enchanter began the quest for the
                  | Orb.
     0 | D:1      | Reached XP level 1. HP: 9/9 MP: 5/5
   288 | D:1      | Reached skill level 5 in Stealth
   399 | D:1      | Reached XP level 2. HP: 13/13 MP: 6/6
   875 | D:2      | Reached skill level 6 in Stealth
  1038 | D:2      | Learned a level 2 spell: Ensorcelled Hibernation
  1473 | D:2      | Reached XP level 3. HP: 14/16 MP: 8/8
  1494 | D:2      | Learned a level 3 spell: Confuse
  1586 | D:2      | Noticed Natasha
  1592 | D:2      | Killed Natasha
  1592 | D:2      | Reached skill level 7 in Stealth
  1861 | D:2      | Noticed Natasha
  1870 | D:2      | Killed Natasha
  1870 | D:2      | Reached XP level 4. HP: 11/21 MP: 6/9
  1875 | D:2      | Noticed Natasha
  1882 | D:2      | Killed Natasha
  1882 | D:2      | Reached skill level 8 in Stealth
  3018 | D:3      | Reached XP level 5. HP: 14/24 MP: 2/10
  3063 | D:3      | Reached skill level 9 in Stealth
  3402 | D:3      | Learned a level 3 spell: Tukima's Dance
  3801 | D:3      | Noticed Ijyb
  3814 | D:3      | Killed Ijyb
  3906 | D:4      | Noticed a slave
  3906 | D:4      | Noticed a slave
  3913 | D:4      | Noticed Pikel
  3915 | D:4      | Noticed a slave
  3916 | D:4      | Noticed a slave
  4143 | D:4      | Mangled by Pikel

Skill      XL: |  1  2  3  4  5 |
---------------+----------------+-----
Stealth        | 5 6 7 8 9 |  9.0
Spellcasting   | 3 |  3.5
Short Blades   | |  1.1
Dodging        | |  3.0
Hexes          | |  3.6

Action                   |  1- 3 |  4- 6 || total
-------------------------+-------+-------++-------
Melee: Dagger            |    98 |    99 ||   197
 Cast: Ensorcelled Hiber |     7 |    30 ||    37
       Confuse           |       |     2 ||     2
  Use: Scroll            |     1 |     6 ||     7
 Stab: Sleeping          |    17 |    15 ||    32
       Distracted        |     1 |       ||     1
       Confused          |       |     1 ||     1
  Eat: Ration            |       |     2 ||     2
Armor: Robe              |    12 |     2 ||    14
Dodge: Dodged            |    74 |    75 ||   149
